 Dungeon Crawl Stone Soup version 0.27.1-3-gb3d3a73c9e (webtiles) character file.

Game seed: 11067681032933738469

1038 Crownlay the Geomancer (level 8, -17/41 HPs)
             Began as a Gargoyle Earth Elementalist on Oct 15, 2021.
             Engulfed by a cloud of flame (25 damage)
             ... on level 4 of the Dungeon.
             The game lasted 00:09:33 (6054 turns).

Crownlay the Geomancer (GrEE)                       Turns: 6054, Time: 00:09:34

Health: -17/41     AC:  8    Str: 12    XL:     8   Next: 24%
Magic:  3/17       EV: 15    Int: 18    God:
Gold:   251        SH:  0    Dex: 10    Spells: 12/19 levels left

rFire    . . .     SeeInvis .   a - +0 dagger
rCold    . . .     Faith    .   (no shield)
rNeg     + . .     Spirit   .   b - +0 robe
rPois    ∞         Reflect  .   i - +0 helmet
rElec    +         Harm     .   (no cloak)
rCorr    .         Rampage  .   (no gloves)
Will     .....                  (no boots)
Stlth    ++........             (no amulet)
HPRegen  0.13/turn              l - +4 ring of evasion
MPRegen  0.15/turn              p - ring of wizardry

@: no status effects
A: sickness immunity, AC +5, negative energy resistance 1, electricity
resistance, torment resistance 1, petrification resistance
a: no special abilities


You were on level 4 of the Dungeon.
You visited 1 branch of the dungeon, and saw 5 of its levels.
You also visited: Sewer.

You collected 251 gold pieces.

Inventory:

Hand Weapons
 a - a +0 dagger (weapon)
Missiles
 c - 20 stones
Armour
 b - a +0 robe (worn)
 i - a +0 helmet (worn)
Jewellery
 l - a +4 ring of evasion (left hand)
 p - a ring of wizardry (right hand)
Scrolls
 d - 4 scrolls of teleportation
 f - 2 scrolls of noise {unknown}
 g - 2 scrolls of magic mapping
 h - a scroll of identify {unknown}
 j - a scroll of enchant armour {unknown}
 n - a scroll of immolation {unknown}
 q - a scroll of holy word {unknown}
Potions
 e - a potion of heal wounds {unknown}
 k - a potion of flight
 m - a potion of ambrosia {unknown}
 o - a potion of curing {unknown}
 r - a potion of brilliance {unknown}
 s - a potion of invisibility {unknown}


   Skills:
 - Level 1.5 Dodging
 - Level 2.1 Stealth
 + Level 6.3 Spellcasting
 - Level 0.7 Transmutations
 + Level 8.7 Earth Magic


You had 12 spell levels left.
You knew the following spells:

 Your Spells              Type           Power      Damage    Failure   Level
a - Sandblast             Erth           74%        2d16      1%          1
b - Stone Arrow           Conj/Erth      42%        3d9       2%          3
c - Inner Flame           Hex/Fire       5%         N/A       14%         3

Your spell library contained the following spells:

 Spells                   Type           Power      Damage    Failure   Level
 Passwall                 Tmut/Erth      18%        N/A       1%          2
 Foxfire                  Conj/Fire      20%        2x1d5     4%          1
 Shock                    Conj/Air       20%        1d4       4%          1
 Summon Small Mammal      Summ           20%        N/A       4%          1
 Blink                    Tloc           N/A        N/A       7%          2
 Petrify                  Tmut/Erth      22%        N/A       7%          4
 Call Canine Familiar     Summ           5%         N/A       14%         3
 Conjure Flame            Conj/Fire      5%         6-21      14%         3
 Summon Guardian Golem    Hex/Summ       5%         N/A       14%         3
 Swiftness                Air            5%         N/A       14%         3
 Airstrike                Air            2%         N/A       41%         4
 Summon Lightning Spire   Summ/Air       5%         N/A       41%         4
 Lightning Bolt           Conj/Air       2%         1d14      75%         5
 Manifold Assault         Tloc           5%         N/A       75%         5
 Storm Form               Tmut/Air       3%         N/A       100%        7


Dungeon Overview and Level Annotations

Branches:
Dungeon (5/15)              Sewer (visited)
 Temple: D:4-7

Altars:


Innate Abilities, Weirdness & Mutations

You are immune to sickness and miasma.
Your stone body is resilient. (AC +5)
You are immune to poison.
You resist negative energy. (rN+)
You are resistant to electric shocks. (rElec)
You are resistant to unholy torment.
You are immune to petrification.


Message History

There is a stone staircase leading down here.
Found 17 gold pieces.
You now have 236 gold pieces (gained 17).
Found 15 gold pieces.
You now have 251 gold pieces (gained 15).
Found an escape hatch in the floor.
A jackal skeleton comes into view.
A goblin comes into view. It is wielding a +0 club.
The jackal skeleton resists with significant effort.
The jackal skeleton resists with significant effort.
Casting: Inner Flame (dangerous; 14% risk of failure)
Confirm with . or Enter, or press ? or * to list all spells.
Aiming: Sandblast (safe; 1% risk of failure)
Press: ? - help, Shift-Dir - straight line, f/p - jackal skeleton
Aim: a jackal skeleton (94% to hit)
The blast of sand hits the jackal skeleton.
The jackal skeleton is severely damaged.
c - 21 stones
Casting: Sandblast (safe; 1% risk of failure)
Confirm with . or Enter, or press ? or * to list all spells.
Aiming: Sandblast (safe; 1% risk of failure)
Press: ? - help, Shift-Dir - straight line, f/p - jackal skeleton
Aim: a jackal skeleton (severely damaged, 94% to hit)
The blast of sand hits the jackal skeleton!!
You destroy the jackal skeleton!
c - 20 stones The goblin is filled with an inner flame.
Casting: Inner Flame (dangerous; 14% risk of failure)
Confirm with . or Enter, or press ? or * to list all spells.
Aiming: Stone Arrow (dangerous; 2% risk of failure)
Press: ? - help, Shift-Dir - straight line, f/p - goblin
Aim: a goblin, wielding a +0 club (inner flame, 64% to hit)
The stone arrow hits the goblin!
The goblin explodes!
The fiery explosion engulfs you!!
Ouch! That really hurt!
* * * LOW HITPOINT WARNING * * *
You are engulfed in blazing flames.
Ouch! That really hurt!
You die...

#######.#.# #
..........#...# #.#.# #
..........#...# #.#.# #
....>.....#...# #.#.# #
..........#...# #...#
..........#...####..#
.....§§§............#
......§§..#...#####.#
.....§.@..............
#######...#...####......
##.##...# ......
#.##...# ..... #.##...#
..... #.##...# #.##...#
#.###### #.#


There were no monsters in sight!

Vanquished Creatures
  Grinder (D:3)
  Sigmund (D:3)
  A sky beast (D:5)
  An ogre (D:4)
  A centaur (D:5)
  A howler monkey (D:5)
  An orc priest (D:5)
  A centaur skeleton (D:4)
  Natasha (D:2)
  2 merfolk sirens (Sewer)
  A merfolk avatar (Sewer)
  Robin (D:2)
  4 gnolls (D:3)
  5 adders
  2 river rats (Sewer)
  4 worms
  A dart slug (D:5)
  4 orcs (D:5)
  3 bats
  5 endoplasms
  6 giant cockroaches
  18 goblins
  13 hobgoblins
  A quokka (Sewer)
  9 ball pythons
  6 frilled lizards
  A jackal skeleton (D:4)
  5 kobolds
  29 rats
129 creatures vanquished.

Notes
Turn   | Place    | Note
-------+----------+-------------------------------------------
     0 | D:1      | Crownlay the Gargoyle Earth Elementalist began the quest
                  | for the Orb.
     0 | D:1      | Reached XP level 1. HP: 10/10 MP: 3/3
   214 | D:1      | Found Lyikk's Antique Armour Boutique.
   491 | D:1      | Reached skill level 4 in Earth Magic
   491 | D:1      | Reached XP level 2. HP: 15/15 MP: 5/5
  1035 | D:1      | Found a faded altar of an unknown god.
  1982 | D:1      | Reached XP level 3. HP: 16/19 MP: 6/6
  2797 | D:2      | Noticed Natasha
  2802 | D:2      | Killed Natasha
  2803 | D:2      | Reached XP level 4. HP: 24/24 MP: 4/8
  3007 | D:2      | Reached skill level 5 in Earth Magic
  3322 | D:2      | Noticed Robin
  3334 | D:2      | Killed Robin
  3515 | D:2      | Reached XP level 5. HP: 28/28 MP: 8/10
  3811 | D:3      | Noticed Grinder
  3818 | D:3      | Killed Grinder
  3819 | D:3      | Reached skill level 6 in Earth Magic
  3819 | D:3      | Reached XP level 6. HP: 28/32 MP: 3/12
  3824 | D:3      | Found a glowing drain.
  3861 | Sewer    | Entered a sewer
  5096 | Sewer    | Reached skill level 5 in Spellcasting
  5096 | Sewer    | Reached skill level 7 in Earth Magic
  5096 | Sewer    | Reached XP level 7. HP: 36/36 MP: 10/14
  5291 | D:3      | Learned a level 3 spell: Stone Arrow
  5300 | D:3      | Noticed Sigmund
  5306 | D:3      | Killed Sigmund
  5382 | D:3      | You fall into a shaft and drop 2 floors!
  5382 | D:5      | Entered Level 5 of the Dungeon
  5450 | D:5      | Reached skill level 8 in Earth Magic
  5456 | D:5      | Reached XP level 8. HP: 32/41 MP: 7/17
  5744 | D:4      | Learned a level 3 spell: Inner Flame
  6054 | D:4      | Engulfed by a cloud of flame

Illustrated notes

Levels and vault maps discovered:
D:1:      dpeg_arrival_shrine, layout_basic, shapermc_ecumenical_altar_ellora,
          serial_shops, nicolae_shop_statue_plus, grunt_decor_fettered,
          interstate_on_off
D:2:      layout_basic, minmay_goblin_outpost, uniq_natasha, uniq_robin
D:3:      wander_river, layout_loops_ring, nicolae_overflow_crystal_walls,
          cheibrodos_sewer_entry_sluice, uniq_grinder, uniq_sigmund
D:4:      layout_basic
D:5:      layout_cave_pools, nemelex_diamond_rough_becter, gammafunk_ghost_hive,
          dk_noncrumbling_3

Skill      XL: |  1  2  3  4  5  6  7 |
---------------+----------------------+-----
Earth Magic    | 4 5 6 7 8 |  8.7
Spellcasting   | 3 4 5 6 |  6.3
Dodging        | |  1.5
Stealth        | |  2.1
Transmutations | |  0.7

Action                   |  1- 3 |  4- 6 |  7- 9 || total
-------------------------+-------+-------+-------++-------
Melee: Dagger            |   110 |   218 |    16 ||   344
 Cast: Sandblast         |    22 |    56 |    41 ||   119
       Inner Flame       |       |       |     3 ||     3
       Stone Arrow       |       |       |     1 ||     1
  Use: Scroll            |       |     1 |       ||     1
       Potion            |       |     3 |       ||     3
 Stab: Sleeping          |     4 |     2 |       ||     6
Armor: Robe              |    42 |   107 |     8 ||   157
Dodge: Dodged            |    67 |   146 |    23 ||   236
